 Dungeon Crawl Stone Soup version 0.30-a0-757-ga6a79fd877 (webtiles) character file.

Game seed: 17862554537666290438

2 drewk1942 the Trooper (level 1, 0/22 HPs)
             Began as an Ogre Gladiator on Feb 9, 2023.
             Slain by a kobold
             ... wielding a +0 dagger of electrocution
              (1 damage)
             ... on level 1 of the Dungeon.
             The game lasted 00:00:18 (157 turns).

drewk1942 the Trooper (Ogre Gladiator)               Turns: 157, Time: 00:00:18

Health: 0/22       AC:  3    Str: 17    XL:     1   Next: 30%
Magic:  1/1        EV: 10    Int:  9    God:
Gold:   0          SH:  0    Dex: 10    Spells: 0/0 levels left

rFire   . . .      SeeInvis .    a - +0 flail
rCold   . . .      Faith    .    (no shield)
rNeg    . . .      Spirit   .    b - +0 robe
rPois   .          Reflect  .    c - +0 hat
rElec   .          Harm     .    (no cloak)
rCorr   .          Rampage  .    (gloves unavailable)
Will    .....                    (boots unavailable)
Stlth   +                        (no amulet)
HPRegen 0.23/turn                (no ring)
MPRegen 0.07/turn                (no ring)

@: no status effects
A: large, unfitting armour, tough skin 1
a: no special abilities


You were on level 1 of the Dungeon.
You visited 1 branch of the dungeon, and saw 1 of its levels.

Inventory:

Hand Weapons
 a - a +0 flail (weapon)
Missiles
 d - 3 throwing nets (quivered)
 e - a large rock
 g - 3 stones
Armour
 b - a +0 robe (worn)
 c - a +0 hat (worn)
Scrolls
 f - 2 scrolls of teleportation {unknown}


   Skills:
 + Level 2.7 Fighting
 * Level 2.7 Maces & Flails
 + Level 2.0 Throwing
 + Level 2.7 Dodging


You couldn't memorise any spells.
You didn't know any spells.
Your spell library was empty.

Dungeon Overview and Level Annotations

Branches:
Dungeon (1/15)

Altars:


Innate Abilities, Weirdness & Mutations

You are too large for most types of armour.
You have tough skin. (AC +1)


Message History

You sock the goblin!
You kill the goblin!
No target in view!
No target in view!
No target in view!
You see here a +0 club.
f - 2 scrolls labelled GOTAPPE JAAXUA
Found 3 stones.
You see here 3 stones.
A kobold comes into view.
It is wielding a +0 dagger of electrocution.
A kobold is nearby!
There are no items here.
You see here 3 stones.
g - 3 stones The kobold shouts!
The kobold throws a stone.
The stone barely misses you.
Found a scroll labelled FARATH BEAH.
The kobold throws a stone.
The stone hits you but does no damage.
The kobold hits you with a +0 dagger of electrocution.
You barely miss the kobold. The kobold hits you but does no damage.
You are electrocuted!!
Ouch! That really hurt!
* * * LOW HITPOINT WARNING * * *
You are too injured to fight recklessly!
You are too injured to fight recklessly!
You are too injured to fight recklessly!
You are too injured to fight recklessly!
You are too injured to fight recklessly!
You are too injured to fight recklessly!
You are too injured to fight recklessly!
You are too injured to fight recklessly!
You are too injured to fight recklessly!
You are too injured to fight recklessly!
You are too injured to fight recklessly!
You are too injured to fight recklessly!
You barely miss the kobold.
The kobold hits you with a +0 dagger of electrocution.
* * * LOW HITPOINT WARNING * * *
The kobold hits you with a +0 dagger of electrocution.
You die...

########.#####... #.#
#### #.# ########
#.######## #......#
#..)...... #..?...#
########## +......#
#......###########
#...K@...........#####
...#+###+#########.#....
#.#.### #.#.# ###.#.#
#.....# #######


You could see a kobold.

Vanquished Creatures
  A goblin (D:1)
  A ball python (D:1)
2 creatures vanquished.

Notes
Turn   | Place    | Note
-------+----------+-------------------------------------------
     0 | D:1      | drewk1942 the Ogre Gladiator began the quest for the Orb.
     0 | D:1      | Reached XP level 1. HP: 22/22 MP: 1/1
   156 | D:1      | HP: 1/22 [kobold/+0 dagger of electrocution (18)]
   157 | D:1      | Slain by a kobold

Illustrated notes

Levels and vault maps discovered:
D:1:      eino_arrival_cavern_d, layout_basic, minmay_shallow_snake_nest

Action                     || total
---------------------------++-------
  Melee: Flail             ||    12
 Armour: Robe              ||     6
  Dodge: Dodged            ||     7

Table legend: (Time is in decaauts)
 A = Elapsed time spent in this place.
 B = Non-inter-level travel time spent in this place.
 C = Inter-level travel time spent in this place.
 D = Time resting spent in this place.
 E = Time spent auto-exploring this place.
 F = Levels seen in this place.
 G = Mean time per level.
                   A        B        C        D        E       F      G
               +--------+--------+--------+--------+--------+-----+--------+
         Total |    159 |    159 |      0 |      0 |    129 |   1 |  159.0 |
       Dungeon |    159 |    159 |      0 |      0 |    129 |   1 |  159.0 |
               +--------+--------+--------+--------+--------+-----+--------+

Top non-repeatable levels by time:
     D:1: 159 daAuts
